 Dungeon Crawl Stone Soup version 0.22.2-1-ge965b3aba3 (webtiles) character file.

13086 Freitmort the Thaumaturge (level 11, -1/56 HPs)
             Began as a Deep Elf Conjurer on July 24, 2019.
             Was an Elder of Vehumet.
             Slain by a six-headed hydra (6 damage)
             ... on level 11 of the Dungeon on July 26, 2019.
             The game lasted 01:33:28 (16260 turns).

Freitmort the Thaumaturge (Deep Elf Conjurer)      Turns: 16260, Time: 01:33:29

Health: -1/56      AC:  8    Str:  7    XL:     11   Next: 71%
Magic:  29/30      EV: 15    Int: 26    God:    Vehumet [****..]
Gold:   666        SH:  0    Dex: 15    Spells: 10/37 levels left

rFire    . . .     SeeInvis .   E - +0 blowgun
rCold    . . .     Gourm    .   (no shield)
rNeg     . . .     Faith    .   s - +0 robe
rPois    +         Spirit   .   (no helmet)
rElec    .         Reflect  .   B - +2 cloak
rCorr    .         Harm     .   o - +1 pair of gloves
MR       +....                  b - +0 pair of boots
Stlth    ++........             m - amulet "Wadiunka" {Acrobat Int+4 Stlth-}
HPRegen  0.18/turn              n - ring of poison resistance
MPRegen  0.22/turn              (no ring)

@: no status effects
A: no striking features
a: Renounce Religion


You were on level 11 of the Dungeon.
You worshipped Vehumet.
Vehumet was greatly pleased with you.
You were not hungry.

You visited 2 branches of the dungeon, and saw 12 of its levels.
You also visited: Sewer.

You collected 666 gold pieces.

Inventory:

Hand Weapons
 p - a +2 dagger of speed
 z - a +0 dagger of venom
 E - a +0 blowgun (weapon)
Missiles
 D - 11 poisoned needles (quivered)
Armour
 b - a +0 pair of boots (worn)
 o - a +1 pair of gloves (worn)
 s - a +0 robe (worn)
 t - a scarf of spirit shield
 B - a +2 cloak (worn)
Jewellery
 m - the amulet "Wadiunka" (around neck) {Acrobat Int+4 Stlth-}
   (You found it on level 6 of the Dungeon)

   [amulet of the acrobat]

   It helps you evade while moving and waiting.
   It affects your intelligence (+4).
   It makes you less stealthy.
 n - a ring of poison resistance (left hand)
Wands
 e - a wand of random effects (61)
 k - a wand of polymorph (12)
 y - a wand of disintegration (12)
 A - a wand of acid (13)
Scrolls
 u - 3 scrolls of amnesia
 w - a scroll of magic mapping
Potions
 a - 2 potions of magic
 f - 3 potions of brilliance
 g - 2 potions of lignification
 i - a potion of might
 j - a potion of berserk rage
 l - 3 potions of flight
 q - 4 potions of haste {unknown}
 r - a potion of resistance {unknown}
 v - 4 potions of mutation {unknown}
Miscellaneous
 C - a phial of floods
Comestibles
 c - 23 rations


   Skills:
 + Level 1.6 Fighting
 * Level 1.9 Throwing
 + Level 5.1 Dodging
 + Level 5.2 Stealth
 + Level 13.6 Spellcasting
 + Level 12.1 Conjurations
 + Level 5.5 Fire Magic
 * Level 3.8 Ice Magic
 * Level 5.3 Air Magic
 * Level 5.1 Poison Magic
 + Level 1.3 Evocations


You had 10 spell levels left.
You knew the following spells:

 Your Spells              Type           Power        Failure   Level  Hunger
a - Magic Dart            Conj           ####         0%          1    None
b - Searing Ray           Conj           ######       1%          2    None
c - Iskenderun's Mystic   Conj           ######..     1%          4    None
d - Conjure Flame         Conj/Fire      ######..     1%          3    None
e - Flame Tongue          Conj/Fire      #####        1%          1    None
f - Mephitic Cloud        Conj/Pois/Air  ######..     1%          3    None
g - Freeze                Ice            ####         1%          1    None
h - Venom Bolt            Conj/Pois      ######....   1%          5    ##.....
i - Static Discharge      Conj/Air       ######..     1%          3    None
j - Throw Icicle          Conj/Ice       ######..     1%          4    None

Your spell library contained the following spells:

 Spells                   Type           Power        Failure   Level  Hunger
 Bolt of Draining         Conj/Necr      #####.....   2%          5    ##.....
 Sting                    Conj/Pois      ####         1%          1    None
 Poisonous Vapours        Pois/Air       #####.       1%          2    None
 Dazzling Spray           Conj/Hex       #####.       1%          3    None
 Force Lance              Conj/Tloc      #####...     1%          4    None
 Fulminant Prism          Conj/Hex       #####.....   1%          4    None
 Olgreb's Toxic Radiance  Pois           #####...     1%          4    None
 Blink                    Tloc           N/A          4%          2    None
 Call Imp                 Summ           ###.....     4%          2    None
 Slow                     Hex            ###.....     4%          2    None


Dungeon Overview and Level Annotations

Branches:
Dungeon (11/15)            Temple (1/1) D:5            Lair (0/6) D:10
    Orc (0/2) D:11

Altars:
Ashenzari
Cheibriados
Dithmenos
Elyvilon
Fedhas
Gozag
Hepliaklqana
Kikubaaqudgha
Makhleb
Nemelex Xobeh
Okawaru
Qazlal
Ru
Sif Muna
Trog
Uskayaw
Vehumet
Wu Jian
Xom
Yredelemnul
Zin
The Shining One

Shops:
D:7 =

Annotations:
D:6 Menkaure


Message History

The six-headed hydra bites you but does no damage.
The six-headed hydra completely misses you.
The six-headed hydra bites you.
You climb upwards.
There is a stone staircase leading down here.
The six-headed hydra misses you. The six-headed hydra bites you! x2
* * * LOW HITPOINT WARNING * * *
The six-headed hydra bites you.
* * * LOW HITPOINT WARNING * * *
The six-headed hydra closely misses you.
The six-headed hydra bites you but does no damage.
You climb downwards.
There is a stone staircase leading up, spattered with blood here.
Found a stone staircase leading down.
There is a stone staircase leading down here.
The six-headed hydra barely misses you.
The six-headed hydra closely misses you.
The six-headed hydra completely misses you.
The six-headed hydra bites you.
You die...

##### ##
############# #....
.#
#.@D....#...###.###
.##
#.#####.#..........
... #.#
#.#...###..## .##..
#....##.##.## #...#
.##.# #......<...#
..... .##.#
#....##.#### #...#
.##.# #.#. #.#
##.## ###.# .# #..
..# .# .##.# #..#
## #### .#


You could see a six-headed hydra.

Vanquished Creatures
  3 two-headed ogres
  Nergalle (D:11)
  An unseen horror (D:10)
  A manticore (D:11)
  Joseph (D:7)
  3 trolls
  Grinder (D:6)
  3 hippogriffs
  Sigmund (D:4)
  10 yaks
  4 hogs (D:7)
  A human (D:7)
  6 vampire mosquitoes (D:10)
  A hungry ghost (D:10)
  2 insubstantial wisps (D:10)
  Duvessa (D:4)
  4 orc warriors
  2 sky beasts
  A black bear (D:8)
  Purgy (Sewer)
  3 ice beasts
  An ogre (D:4)
  7 centaurs
  A necrophage (D:9)
  2 big kobolds
  5 bullfrogs
  A wyvern zombie (D:7)
  2 scorpions
  10 killer bees
  Dowan (D:4)
  3 wights (D:6)
  2 electric eels (D:10)
  A howler monkey (D:8)
  2 crimson imps
  3 centaur zombies (D:6)
  3 jellies (D:9)
  2 bullfrog zombies
  6 hounds
  4 bullfrog skeletons (D:6)
  6 orc priests
  2 centaur skeletons
  2 iguanas
  7 orc wizards
  9 worker ants
  3 hound zombies
  2 hound skeletons (D:6)
  A howler monkey zombie (D:7)
  A worker ant zombie (D:6)
  12 adders
  5 shadow imps
  4 oozes
  3 adder skeletons
  3 worms
  2 dart slugs (D:1)
  10 leopard geckos
  29 orcs
  A ball python (D:1)
  2 giant cockroaches
  3 hobgoblins
  18 jackals
  14 kobolds
  4 quokkas
  11 bats
  5 frilled lizards
  6 goblins
  A jackal skeleton (D:3)
  2 jackal zombies
  A leopard gecko zombie (D:6)
  A quokka zombie (D:7)
  2 rats
279 creatures vanquished.

Notes
Turn   | Place    | Note
-------+----------+-------------------------------------------
     0 | D:1      | Freitmort the Deep Elf Conjurer began the quest for the
                  | Orb.
     0 | D:1      | Reached XP level 1. HP: 10/10 MP: 6/6
   167 | D:1      | Reached XP level 2. HP: 13/15 MP: 6/8
   234 | D:1      | Learned a level 2 spell: Searing Ray
   286 | D:1      | Reached skill level 5 in Conjurations
   615 | D:1      | Reached XP level 3. HP: 19/19 MP: 5/9
  1296 | D:2      | Reached XP level 4. HP: 24/24 MP: 4/11
  2072 | D:3      | Reached skill level 4 in Spellcasting
  2278 | D:3      | Found a bloodstained altar of Trog.
  2581 | D:3      | Reached XP level 5. HP: 28/28 MP: 6/13
  2939 | D:4      | Learned a level 4 spell: Iskenderun's Mystic Blast
  2943 | D:4      | Learned a level 3 spell: Conjure Flame
  3015 | D:4      | Noticed Dowan
  3018 | D:4      | Noticed Duvessa
  3022 | D:4      | Killed Dowan
  3022 | D:4      | Reached skill level 5 in Spellcasting
  3022 | D:4      | Reached XP level 6. HP: 32/32 MP: 9/15
  3096 | D:4      | Noticed Sigmund
  3101 | D:4      | Killed Sigmund
  3101 | D:4      | Reached skill level 6 in Spellcasting
  3756 | D:4      | Killed Duvessa
  3756 | D:4      | Reached XP level 7. HP: 10/36 MP: 1/18
  4409 | D:5      | Entered Level 5 of the Dungeon
  4478 | D:5      | Found a glowing drain.
  4494 | Sewer    | Entered a sewer
  4715 | Sewer    | Noticed Purgy
  4719 | Sewer    | Killed Purgy
  4719 | Sewer    | Reached skill level 7 in Spellcasting
  4719 | Sewer    | Reached skill level 1 in Fire Magic
  5086 | D:5      | HP: 1/36 [centaur/arrow (13)]
  5087 | D:5      | Reached skill level 1 in Evocations
  5561 | D:5      | Found a staircase to the Ecumenical Temple.
  5574 | Temple   | Entered the Ecumenical Temple
  5631 | Temple   | Became a worshipper of Vehumet
  5687 | D:5      | Found a basalt altar of Yredelemnul.
  5852 | D:5      | Reached XP level 8. HP: 41/41 MP: 14/21
  6521 | D:6      | Got a wavering ruby amulet
  6522 | D:6      | Identified the amulet "Wadiunka" {Acrobat Int+4 Stlth-}
                  | (You found it on level 6 of the Dungeon)
  6576 | D:6      | Reached skill level 8 in Spellcasting
  6903 | D:6      | Found an opulent altar of Gozag.
  7618 | D:6      | Noticed Grinder
  7620 | D:6      | Paralysed by Grinder for 6 turns
  7636 | D:6      | Reached skill level 9 in Spellcasting
  7639 | D:6      | Killed Grinder
  7639 | D:6      | Reached skill level 1 in Fighting
  7856 | D:6      | Noticed Menkaure
  7896 | D:6      | Reached * piety under Vehumet
  7896 | D:6      | Offered knowledge of Flame Tongue by Vehumet.
  7896 | D:6      | Reached XP level 9. HP: 39/47 MP: 2/24
  7922 | D:5      | Learned a level 1 spell: Flame Tongue
  8127 | D:6      | Found a hazy altar of Hepliaklqana.
  8152 | D:6      | Reached skill level 10 in Spellcasting
  8578 | D:7      | Found a shadowy altar of Dithmenos.
  8578 | D:7      | Noticed Joseph
  8686 | D:7      | Learned a level 3 spell: Mephitic Cloud
  8763 | D:7      | Found a shattered altar of Ashenzari.
  9196 | D:7      | Noticed a two-headed ogre
  9205 | D:7      | Reached skill level 5 in Stealth
  9205 | D:7      | Reached skill level 1 in Poison Magic
  9211 | D:7      | Killed a two-headed ogre
  9211 | D:7      | Reached skill level 10 in Conjurations
  9211 | D:7      | Reached skill level 1 in Air Magic
  9337 | D:7      | Found a hide-covered altar of Uskayaw.
  9337 | D:7      | Found an ornate altar of the Wu Jian Council.
  9338 | D:7      | Found a sparkling altar of Nemelex Xobeh.
  9400 | D:7      | Reached skill level 11 in Spellcasting
 10032 | D:7      | Found Porr's Jewellery Shoppe.
 10338 | D:7      | Reached XP level 10. HP: 52/52 MP: 22/27
 10643 | D:7      | Killed Joseph
 10643 | D:7      | Reached skill level 12 in Spellcasting
 10643 | D:7      | Reached skill level 5 in Fire Magic
 10874 | D:7      | Found a shimmering altar of Xom.
 10876 | D:7      | Found a burning altar of Makhleb.
 10876 | D:7      | Found an iron altar of Okawaru.
 10878 | D:7      | Found a shimmering altar of Xom.
 10878 | D:7      | Found a shimmering altar of Xom.
 10878 | D:7      | Found an ornate altar of the Wu Jian Council.
 11215 | D:8      | Reached ** piety under Vehumet
 11666 | D:8      | Offered knowledge of Freeze by Vehumet.
 11751 | D:8      | Learned a level 1 spell: Freeze
 12152 | D:9      | Reached skill level 1 in Ice Magic
 12869 | D:9      | Identified a scroll of acquirement
 12912 | D:9      | Learned a level 5 spell: Venom Bolt
 13141 | D:9      | Found a stormy altar of Qazlal.
 13205 | D:10     | Entered Level 10 of the Dungeon
 13528 | D:10     | Offered knowledge of Static Discharge by Vehumet.
 13528 | D:10     | Noticed a two-headed ogre
 13532 | D:10     | Killed a two-headed ogre
 13532 | D:10     | Reached XP level 11. HP: 56/56 MP: 2/29
 13943 | D:10     | Found a staircase to the Lair.
 13962 | D:10     | Learned a level 3 spell: Static Discharge
 13972 | D:10     | Reached *** piety under Vehumet
 14356 | D:10     | Reached skill level 13 in Spellcasting
 14573 | D:10     | Offered knowledge of Throw Icicle by Vehumet.
 14579 | D:10     | Learned a level 4 spell: Throw Icicle
 14607 | D:10     | Killed an unseen horror
 15136 | D:11     | Reached skill level 5 in Dodging
 15217 | D:11     | Noticed a two-headed ogre
 15223 | D:11     | Killed a two-headed ogre
 15444 | D:11     | Reached skill level 1 in Throwing
 15450 | D:11     | Reached skill level 5 in Air Magic
 15623 | D:11     | Noticed Nergalle
 15627 | D:11     | Killed Nergalle
 15627 | D:11     | Reached **** piety under Vehumet
 15627 | D:11     | Reached skill level 5 in Poison Magic
 16110 | D:11     | Found a staircase to the Orcish Mines.
 16145 | D:11     | Offered knowledge of Bolt of Draining by Vehumet.
 16186 | D:11     | Noticed a six-headed hydra
 16260 | D:11     | Slain by a six-headed hydra

Skill      XL: |  1  2  3  4  5  6  7  8  9 10 11 |
---------------+----------------------------------+-----
Conjurations   | 5 6 7 8 9 10 11 12 | 12.1
Stealth        | 3 4 5 |  5.2
Spellcasting   | 4 5 6 7 9 11 12 13 | 13.6
Dodging        | 3 4 5 |  5.1
Fire Magic     | 1 3 4 5 |  5.5
Evocations     | 1 |  1.3
Fighting       | 1 |  1.6
Poison Magic   | 2 4 5 |  5.1
Air Magic      | 2 4 5 |  5.3
Ice Magic      | 2 3 |  3.8
Throwing       | 1 |  1.9

Action                   |  1- 3 |  4- 6 |  7- 9 | 10-12 || total
-------------------------+-------+-------+-------+-------++-------
 Fire: Blowgun           |       |       |       |     2 ||     2
 Cast: Magic Dart        |    74 |    81 |   161 |   147 ||   463
       Searing Ray       |       |     9 |    47 |    66 ||   122
       Iskenderun's Myst |       |     3 |    20 |    27 ||    50
       Conjure Flame     |       |       |     6 |     8 ||    14
       Flame Tongue      |       |       |     4 |     2 ||     6
       Venom Bolt        |       |       |       |    30 ||    30
       Throw Icicle      |       |       |       |     1 ||     1
  Use: Scroll            |     1 |    11 |     6 |    10 ||    28
       Potion            |       |       |     1 |     4 ||     5
  Eat: Chunk             |     1 |     7 |     7 |    13 ||    28
       Ration            |       |       |     4 |     3 ||     7
Armor: Robe              |       |     2 |     2 |    21 ||    25
       Skin              |       |       |     4 |       ||     4
Dodge: Dodged            |     2 |     9 |    51 |   183 ||   245
